 Dungeon Crawl Stone Soup version 0.30-a0-711-gf4ac18a38d (webtiles) character file.

Game seed: 10005296819589836086

15715 wormed the Destroyer (level 12, -4/92 HPs)
             Began as a Demonspawn Fire Elementalist on Jan 22, 2023.
             Was a Priest of Vehumet.
             Slain by a shadow (29 damage)
             ... on level 10 of the Dungeon.
             The game lasted 00:27:42 (16818 turns).

wormed the Destroyer (DsFE)                        Turns: 16818, Time: 00:27:42

Health: -4/92      AC:  7    Str:  9    XL:     12   Next: 3%
Magic:  10/23      EV: 20    Int: 21    God:    Vehumet [***...]
Gold:   694        SH:  0    Dex: 14    Spells: 6/26 levels left

rFire   + . .      SeeInvis .    x - +5 dagger
rCold   . . .      Faith    .    (no shield)
rNeg    . . .      Spirit   .    a - +1 robe {Will+}
rPois   .          Reflect  .    u - +0 hat
rElec   .          Harm     .    (no cloak)
rCorr   .          Rampage  .    (gloves unavailable)
Will    +....                    r - +0 pair of boots
Stlth   ++++                     (no amulet)
HPRegen 2.35/turn                C - +5 ring of evasion
MPRegen 0.18/turn                D - ring of protection from fire

@: slowed, very slow
A: claws 3, icy blue scales 1, foul stench 1, powered by death 3, antennae 1,
passive freeze, shaggy fur 1
a: Renounce Religion


You were on level 10 of the Dungeon.
You worshipped Vehumet.
Vehumet was most pleased with you.
You visited 1 branch of the dungeon, and saw 12 of its levels.

You collected 694 gold pieces.

Inventory:

Hand Weapons
 x - a +5 dagger (weapon)
Missiles
 n - a throwing net (quivered)
Armour
 a - a +1 robe of willpower (worn)
 r - a +0 pair of boots (worn)
 u - a +0 hat (worn)
Jewellery
 d - a ring of see invisible
 s - a ring of protection from cold
 A - a ring of poison resistance
 C - a +5 ring of evasion (left claw)
 D - a ring of protection from fire (right claw)
Wands
 m - a wand of polymorph (7)
 w - a wand of flame (13)
 B - a wand of quicksilver (1)
Scrolls
 q - 2 scrolls of magic mapping
 y - a scroll of vulnerability
Potions
 b - a potion of invisibility
 e - a potion of brilliance
 f - 2 potions of berserk rage
 g - 5 potions of mutation
 h - 5 potions of might
 i - 5 potions of flight {unknown}
 j - a potion of ambrosia {unknown}
 l - 3 potions of lignification {unknown}
 o - 4 potions of curing {unknown}
 p - 2 potions of attraction {unknown}
 t - 2 potions of cancellation {unknown}
 v - 2 potions of degeneration {unknown}
 z - a potion of resistance


   Skills:
 + Level 7.9 Fighting
 + Level 7.6 Dodging
 + Level 8.2 Stealth
 + Level 7.5 Spellcasting
 + Level 8.2 Conjurations
 + Level 7.8 Fire Magic
 * Level 2.9 Air Magic


You had 6 spell levels left.
You knew the following spells:

 Your Spells              Type           Power      Damage    Failure   Level
a - Foxfire               Conj/Fire      100%       2x1d9     1%          1
b - Scorch                Fire           80%        2d9       1%          2
c - Inner Flame           Hex/Fire       24%        N/A       1%          3
d - Lightning Bolt        Conj/Air       15%        1d29      7%          5
e - Iskenderun's Mystic   Conj/Tloc      25%        2d7       4%          4
f - Irradiate             Conj/Tmut      12%        3d15      12%         5

Your spell library contained the following spells:

 Spells                   Type           Power      Damage    Failure   Level
 Sticky Flame             Conj/Fire      41%        2d6       1%          4
 Kiss of Death            Conj/Necr      100%       2d13      1%          1
 Static Discharge         Conj/Air       62%        2-5/arc   1%          2
 Dazzling Flash           Conj/Hex       50%        N/A       1%          3
 Kindle Blastsparks       Fire/Tloc/Air  46%        2d13      1%          3
 Flame Wave               Conj/Fire      41%        2d11      1%          4
 Arcjolt                  Conj/Air       15%        1d25      7%          5
 Necrotise                Necr           28%        1d5       9%          1
 Sublimation of Blood     Necr           7%         N/A       13%         2
 Starburst                Conj/Fire      20%        6d7       13%         6
 Vhi's Electric Charge    Tloc/Air       28%        N/A       14%         3
 Confusing Touch          Hex            7%         N/A       26%         3
 Vampiric Draining        Necr           7%         2d6       26%         3
 Lee's Rapid Deconstruct  Erth           3%         3d5*      50%         5
 Anguish                  Hex/Necr       3%         N/A       63%         4
 Dispel Undead            Necr           7%         3d8       63%         4
 Leda's Liquefaction      Hex/Erth       3%         N/A       63%         4
 Petrify                  Tmut/Erth      7%         N/A       63%         4
 Agony                    Necr           7%         N/A       93%         5
 Statue Form              Tmut/Erth      4%         N/A       100%        6
 Enfeeble                 Hex            3%         N/A       100%        7


Dungeon Overview and Level Annotations

Branches:
Dungeon (12/15)            Temple (0/1) D:7            Lair (0/5) D:10
    Orc (0/2) D:9

Altars:
Okawaru
Sif Muna
Vehumet
Yredelemnul


Innate Abilities, Weirdness & Mutations

You have claws for hands.
You are partially covered in icy blue scales. (AC +2)
You may rarely emit foul miasma when damaged in melee.
You regenerate a lot of health from kills.
You have a pair of small antennae on your head.
A frigid envelope surrounds you and freezes all who hurt you.
You are covered in fur. (AC +1)


Message History

The centaur warrior zombie is severely damaged.
The centaur warrior zombie barely misses you.
The centaur warrior zombie misses you. The centaur warrior skeleton hits you.
The centaur warrior skeleton completely resists.
The centaur warrior skeleton closely misses you.
The centaur warrior zombie closely misses you.
The centaur warrior zombie kicks you but does no damage.
The centaur warrior zombie completely resists.
The shadow closely misses you. The wraith hits you!
* * * LOW HITPOINT WARNING * * *
The wraith drains your vigour!
You feel as though you will be slow longer.
The wraith resists.
The wraith is very cold.
The wraith is moderately damaged.
The centaur warrior skeleton misses you.
The centaur warrior skeleton completely misses you.
Casting: Scorch (safe; 1% risk of failure)
Confirm with . or Enter, or press ? or * to list all spells.
Flames lash the centaur warrior skeleton.
The centaur warrior skeleton is burned terribly!
You destroy the centaur warrior skeleton!
Vehumet accepts your kill.
You feel your power returning.
The centaur warrior zombie closely misses you. x2
The shadow slips into darkness.
The shadow flickers and vanishes!
Deactivating autopickup; reactivate with Ctrl-A.
The wraith hits you.
* * * LOW HITPOINT WARNING * * *
The wraith drains your vigour!
You feel as though you will be slow longer.
The wraith resists.
The wraith is very cold.
The wraith is heavily damaged.
The centaur warrior zombie completely misses you.
The centaur warrior zombie kicks you but does no damage.
The centaur warrior zombie resists.
The centaur warrior zombie is very cold.
The centaur warrior zombie is severely damaged.
The shadow strikes at you from the darkness!
You die...

# #............# #.#
######............# #.#
..................# #>#
...............(..# #.#
..................# #.#
..................#######.#
..........................#
.Z.............{..#######.#
ZZz............W@Z# #.#
Z.<...............# #.#
Z.................# #.#
..W...............# #.#
..................# #.#
..................# #.#
..................# #.#
.........#######..# #.#
######...# #..# #.#


You could see a wraith and a centaur warrior zombie (combustible).

Vanquished Creatures
  A centaur warrior (D:11)
  3 two-headed ogres
  Pikel (D:8)
  2 manticores (D:12)
  A cyclops (D:12)
  A centaur skeleton (D:10)
  3 gargoyles
  A kobold demonologist (D:11)
  An unseen horror zombie (D:10)
  2 unseen horror skeletons (D:10)
  3 trolls
  A flying skull (D:9)
  3 slime creatures (D:12)
  Sigmund (D:3)
  5 shadows
  A vampire (D:11)
  3 wraiths
  2 wyverns (D:10)
  7 yaks
  An acid dragon (D:10)
  A water moccasin (D:8)
  Duvessa (D:6)
  5 orc warriors
  A sky beast (D:8)
  An ice beast (D:7)
  3 ogres
  2 black bears
  4 centaurs
  2 phantoms
  A kobold brigand (D:7)
  5 bullfrogs
  2 necrophages
  7 scorpions
  3 wyvern zombies (D:7)
  9 wights
  Dowan (D:6)
  9 killer bees (D:9)
  8 howler monkeys
  An electric eel (D:10)
  4 centaur zombies
  3 jellies
  6 hounds
  6 orc priests
  7 iguanas
  Natasha (thrice) (D:4)
  8 orc wizards
  A killer bee zombie (D:7)
  A howler monkey zombie (D:7)
  10 gnolls
  8 adders
  A shadow imp (D:7)
  2 white imps
  2 ufetubi
  3 worms
  3 dart slugs
  29 orcs
  12 bats
  2 endoplasms (D:1)
  4 giant cockroaches
  6 goblins
  12 hobgoblins
  9 jackals
  2 quokkas
  7 ball pythons
  5 kobolds
  6 rats
271 creatures vanquished.

Vanquished Creatures (others)
  364 foxfires
  3 fungi (D:10)
367 creatures vanquished.

Grand Total: 638 creatures vanquished

Notes
Turn   | Place    | Note
-------+----------+-------------------------------------------
     0 | D:1      | wormed the Demonspawn Fire Elementalist began the quest for
                  | the Orb.
     0 | D:1      | Reached XP level 1. HP: 13/13 MP: 3/3
   149 | D:1      | Gained mutation: You have sharp fingernails. [demonic
                  | ancestry]
   149 | D:1      | Reached XP level 2. HP: 17/20 MP: 0/5
   307 | D:1      | Learned a level 2 spell: Scorch
   624 | D:1      | Gained mutation: You have very sharp fingernails. [demonic
                  | ancestry]
   624 | D:1      | Reached XP level 3. HP: 25/25 MP: 1/6
   748 | D:1      | Reached skill level 1 in Fighting
   849 | D:1      | Found a faded altar of an unknown god.
   951 | D:1      | Learned a level 3 spell: Inner Flame
  1137 | D:2      | Found an iron altar of Okawaru.
  1532 | D:2      | Gained mutation: You may rarely emit foul miasma when
                  | damaged in melee. [demonic ancestry]
  1532 | D:2      | Reached XP level 4. HP: 27/32 MP: 1/7
  2135 | D:2      | Reached XP level 5. HP: 36/37 MP: 1/8
  2514 | D:3      | Found an iron altar of Okawaru.
  2514 | D:3      | Found a radiant altar of Vehumet.
  2588 | D:3      | Became a worshipper of Vehumet
  2722 | D:3      | Noticed Sigmund
  2825 | D:3      | Killed Sigmund
  2826 | D:3      | Gained mutation: You have claws for hands. [demonic
                  | ancestry]
  2826 | D:3      | Reached XP level 6. HP: 38/44 MP: 0/10
  3559 | D:4      | Gained mutation: You are partially covered in icy blue
                  | scales. (AC +2) [demonic ancestry]
  3559 | D:4      | Reached XP level 7. HP: 40/51 MP: 0/11
  3659 | D:4      | Noticed Natasha
  3661 | D:4      | Reached * piety under Vehumet
  3661 | D:4      | Offered knowledge of Magic Dart by Vehumet.
  3833 | D:4      | Killed Natasha
  3940 | D:4      | Noticed Natasha
  3945 | D:4      | Killed Natasha
  4939 | D:4      | Noticed Natasha
  4947 | D:4      | Killed Natasha
  4967 | D:5      | Entered Level 5 of the Dungeon
  5046 | D:4      | Gained mutation: You regenerate a little health from kills.
                  | [demonic ancestry]
  5046 | D:4      | Reached XP level 8. HP: 53/58 MP: 8/13
  6168 | D:5      | Offered knowledge of Momentum Strike by Vehumet.
  6169 | D:5      | Reached skill level 5 in Fire Magic
  6203 | D:5      | Reached skill level 5 in Stealth
  6410 | D:6      | Reached ** piety under Vehumet
  6411 | D:6      | Reached XP level 9. HP: 66/66 MP: 6/15
  7146 | D:6      | Reached skill level 5 in Conjurations
  7243 | D:6      | Noticed Duvessa
  7246 | D:6      | Noticed Dowan
  7248 | D:6      | Killed Duvessa
  7249 | D:6      | Reached skill level 5 in Dodging
  7249 | D:6      | Killed Dowan
  7455 | D:6      | Reached skill level 5 in Fighting
  7466 | D:6      | Reached skill level 5 in Spellcasting
  7515 | D:6      | Found a shimmering blue altar of Sif Muna.
  8636 | D:7      | Found a basalt altar of Yredelemnul.
  9069 | D:7      | Offered knowledge of Searing Ray by Vehumet.
  9260 | D:7      | Found a staircase to the Ecumenical Temple.
  9623 | D:8      | Gained mutation: You regenerate health from kills. [demonic
                  | ancestry]
  9623 | D:8      | Reached XP level 10. HP: 76/76 MP: 12/18
 10190 | D:8      | Noticed Pikel
 10206 | D:8      | Killed Pikel
 11115 | D:9      | Reached *** piety under Vehumet
 11910 | D:9      | Found a staircase to the Orcish Mines.
 11925 | D:10     | Entered Level 10 of the Dungeon
 12296 | D:10     | Noticed an elephant
 12451 | D:10     | Found a staircase to the Lair.
 13317 | D:9      | Identified the +1 chain mail "Atzow" {MP+9}
 13363 | D:9      | HP: 3/77 [cloud of flame (22)]
 13367 | D:9      | Gained mutation: You have a pair of small antennae on your
                  | head. [potion of mutation]
 13367 | D:9      | Gained mutation: You are covered in fur. (AC +1) [potion of
                  | mutation]
 13367 | D:9      | Gained mutation: A frigid envelope surrounds you and
                  | freezes all who hurt you. [potion of mutation]
 13805 | D:10     | Gained mutation: You regenerate a lot of health from kills.
                  | [demonic ancestry]
 13805 | D:10     | Reached XP level 11. HP: 67/83 MP: 8/20
 13806 | D:10     | Noticed a skeletal warrior
 13985 | D:11     | Noticed a centaur warrior
 13996 | D:11     | Killed a centaur warrior
 13996 | D:11     | Noticed a two-headed ogre
 14429 | D:11     | Noticed a two-headed ogre
 14441 | D:11     | Killed a two-headed ogre
 14905 | D:11     | Offered knowledge of Sticky Flame by Vehumet.
 15204 | D:11     | Killed a two-headed ogre
 15488 | D:11     | Learned a level 5 spell: Lightning Bolt
 15518 | D:12     | Reached skill level 1 in Air Magic
 15875 | D:12     | Noticed a brown ugly thing
 15977 | D:12     | Noticed a two-headed ogre
 15990 | D:12     | Killed a two-headed ogre
 16603 | D:11     | Learned a level 4 spell: Iskenderun's Mystic Blast
 16609 | D:11     | Learned a level 5 spell: Irradiate
 16812 | D:10     | Reached XP level 12. HP: 75/92 MP: 16/23
 16818 | D:10     | Slain by a shadow

Illustrated notes

Levels and vault maps discovered:
D:1:      scummos_arrival_simple_crosswalls, layout_rooms,
          shapermc_ecumenical_altar_petra
D:2:      layout_rooms, basic_altar, st_stairs_3, minmay_cupped
D:3:      layout_rooms, chequers_temple_overflow_statue_of_worship, uniq_sigmund
D:4:      layout_gridville, hangedman_decor_slide_cut, serial_park_tiny_1,
          grunt_decor_clamped, uniq_natasha
D:5:      layout_rooms, nicolae_sextant, hangedman_minor_gate_pass
D:6:      layout_gridville, marbit_many_paths, dreamdust_princess_corridor,
          nrook_loot_triangle, uniq_duvessa
D:7:      layout_rooms, nicolae_yredelemnul_corpse_copse,
          lemuel_temple_firewalk_b
D:8:      layout_cave_pods, nicolae_fountain_basement, uniq_pikel
D:9:      layout_stronghold, minmay_orc_entry_temple_small,
          hangedman_glass_teeth
D:10:     hangedman_screamer, layout_long_grid, david_lair_generic,
          minmay_crystal_water
D:11:     layout_long_grid
D:12:     layout_irregular_city

Skill      XL: |  1  2  3  4  5  6  7  8  9 10 11 |
---------------+----------------------------------+-----
Stealth        | 2 3 4 5 6 7 8 |  8.2
Dodging        | 2 3 4 5 6 7 |  7.6
Fighting       | 1 2 3 4 5 6 7 |  7.9
Fire Magic     | 3 4 5 6 7 |  7.8
Conjurations   | 2 3 4 5 7 8 |  8.2
Spellcasting   | 3 4 5 6 7 |  7.5
Air Magic      | 2 |  2.9

Action                     |  1- 3 |  4- 6 |  7- 9 | 10-12 || total
---------------------------+-------+-------+-------+-------++-------
  Melee: Unarmed           |     2 |       |       |       ||     2
         Short sword       |    23 |    14 |    14 |       ||    51
         Punch             |     1 |     1 |       |       ||     2
         Dagger            |       |       |       |     8 ||     8
   Cast: Foxfire           |    30 |     5 |    60 |   112 ||   207
         Scorch            |    26 |    59 |   120 |   153 ||   358
         Inner Flame       |       |       |    46 |    80 ||   126
         Lightning Bolt    |       |       |       |     3 ||     3
    Use: Potion            |     1 |     1 |       |     4 ||     6
         Scroll            |     2 |     5 |     5 |     7 ||    19
 Armour: Robe              |    28 |     7 |    11 |    79 ||   125
  Dodge: Dodged            |    77 |    30 |    65 |   223 ||   395

Table legend: (Time is in decaauts)
 A = Elapsed time spent in this place.
 B = Non-inter-level travel time spent in this place.
 C = Inter-level travel time spent in this place.
 D = Time resting spent in this place.
 E = Time spent auto-exploring this place.
 F = Levels seen in this place.
 G = Mean time per level.
                   A        B        C        D        E       F      G
               +--------+--------+--------+--------+--------+-----+--------+
         Total |  16859 |  16242 |    617 |      0 |  13654 |  12 | 1404.9 |
       Dungeon |  16859 |  16242 |    617 |      0 |  13654 |  12 | 1404.9 |
               +--------+--------+--------+--------+--------+-----+--------+

Top non-repeatable levels by time:
     D:9: 2192 daAuts
    D:11: 1882 daAuts
     D:4: 1726 daAuts
     D:6: 1696 daAuts
     D:7: 1444 daAuts
     D:1: 1426 daAuts
     D:5: 1358 daAuts
     D:2: 1165 daAuts
     D:8: 1133 daAuts
    D:10: 1094 daAuts
    D:12: 962 daAuts
     D:3: 776 daAuts
